 Dungeon Crawl Stone Soup version 0.31.0-32-g396128a36d (webtiles) character file.

Game seed: 4243883465624484552

1664 BuckRogers the Caller (level 9, -2/51 HPs)
             Began as a Human Summoner on Apr 2, 2024.
             Was a Believer of Hepliaklqana.
             Killed by divine providence
             ... invoked by an orc priest
              (15 damage)
             ... on level 6 of the Dungeon on Apr 3, 2024.
             The game lasted 02:25:25 (6408 turns).

BuckRogers the Caller (Human Summoner)              Turns: 6408, Time: 02:25:26

Health: -2/51      AC:  3    Str:  8    XL:     9   Next: 1%
Magic:  12/16      EV: 27    Int: 26    God:    Hepliaklqana [**....]
Gold:   296        SH:  0    Dex: 14    Spells: 7/18 levels left

rFire   . . .        Y - +4 rapier (holy)
rCold   . . .        (no shield)
rNeg    . . .        a - +1 robe
rPois   .            (no helmet)
rElec   .            (no cloak)
rCorr   .            (no gloves)
SInv    .            (no boots)
Will    +....        g - amulet of the acrobat
Stlth   ++           d - +6 ring of intelligence
HPRegen 0.28/turn    x - ring of willpower
MPRegen 0.15/turn

%: acrobat
@: acrobatic
A: reduced essence, explore regen
a: Renounce Religion, Ancestor Life: Knight, Ancestor Life: Battlemage, Ancestor
Life: Hexer, Recall Ancestor, Ancestor Identity


You were on level 6 of the Dungeon.
You worshipped Hepliaklqana.
Hepliaklqana was pleased with you.
You visited 1 branch of the dungeon, and saw 6 of its levels.

You collected 296 gold pieces.

Inventory:

Hand Weapons
 f - a +0 short sword
 i - a +1 spear
 j - a +0 short sword
 k - a +0 hand axe
 r - a +2 dagger of electrocution
 D - a +0 short sword
 E - a +1 flail of holy wrath
 G - a +0 spear
 H - a +0 whip
 I - a +0 halberd
 J - a +0 hand axe
 K - a +0 short sword
 M - a +0 falchion
 O - a +0 hand axe
 Q - a +0 hand axe
 S - a +0 whip
 T - a +0 falchion
 V - a +0 war axe
 Y - a +4 rapier of holy wrath (weapon)
Missiles
 n - 36 stones
 p - 3 poisoned darts
 C - 3 boomerangs
 W - a throwing net
Armour
 a - a +1 robe (worn)
 c - a +0 ring mail
 e - a +0 ring mail
 h - a +0 chain mail
 q - a +0 leather armour
 s - a +0 ring mail
 L - a +0 leather armour
 R - a +0 ring mail
 U - a +0 leather armour
 Z - a +0 leather armour
Jewellery
 d - a +6 ring of intelligence (left hand)
 g - an amulet of the acrobat (around neck)
 x - a ring of willpower (right hand)
Talismans
 u - a flux talisman
Scrolls
 m - a scroll of vulnerability
 y - a scroll of teleportation
 B - a scroll of blinking
 F - 2 scrolls of noise
 X - a scroll of identify
Potions
 b - 2 potions of magic
 l - a potion of brilliance {unknown}
 o - a potion of invisibility {unknown}
 t - a potion of curing
 v - a potion of haste {unknown}
 w - a potion of attraction
 z - a potion of heal wounds {unknown}
 A - 2 potions of degeneration


   Skills:
 + Level 0.3 Fighting
 + Level 0.9 Short Blades
 + Level 2.3 Dodging
 + Level 2.3 Stealth
 - Level 5.0 Spellcasting
 + Level 5.1 Conjurations
 + Level 6.5 Summonings
 + Level 5.8 Fire Magic
 + Level 0.4 Alchemy


You had 7 spell levels left.
You knew the following spells:

 Your Spells              Type           Power      Damage    Failure   Level
a - Summon Small Mammal   Summ           100%       N/A       1%          1
b - Call Canine Familiar  Summ           40%        N/A       1%          3
c - Call Imp              Summ           80%        N/A       1%          2
d - Sting                 Conj/Alch      84%        1d8       2%          1
e - Summon Blazeheart Go  Fire/Summ      38%        N/A       6%          4

Your spell library contained the following spells:

 Spells                   Type           Power      Damage    Failure   Level
 Apportation              Tloc           12%        N/A       8%          1
 Necrotise                Necr           24%        1d5       8%          1
 Summon Lightning Spire   Summ/Air       23%        N/A       21%         4
 Fugue of the Fallen      Necr           6%         N/A       22%         3
 Ozocubu's Armour         Ice            6%         N/A       22%         3
 Fulminant Prism          Conj/Alch      10%        3d8       24%         4
 Olgreb's Toxic Radiance  Alch           8%         N/A       54%         4
 Manifold Assault         Tloc           6%         N/A       58%         4
 Alistair's Intoxication  Alch           5%         N/A       87%         5


Dungeon Overview and Level Annotations

Branches:
Dungeon (6/15)
 Temple: D:4-7

Altars:
Elyvilon
Hepliaklqana

Shops:
D:4 (

Annotations:
D:3 2 transporters, noone's ghost, weakling GrEE


Innate Abilities, Weirdness & Mutations

Your life essence is reduced to manifest your ancestor. (-10% HP)
You regain HP and MP as you explore.


Message History

Your inugami barely misses the orc warrior.
The orc priest hits your inugami but does no damage.
The orc warrior attacks as it pursues you!
The orc warrior completely misses you. The orc priest misses your inugami.
The orc priest calls down the wrath of Beogh upon you.
Your inugami resists with significant effort.
The orc warrior attacks as it pursues you!
The orc warrior closely misses you.
The orc priest closely misses your inugami.
Your inugami hits the orc priest. The orc priest misses your inugami.
Your inugami barely misses the orc priest.
The orc warrior attacks as it pursues you!
The orc warrior hits you with a +0 dire flail!
* * * LOW HITPOINT WARNING * * *
Blink to where?
Press: ? - help, Q - select action, (/) - cycle Dir - move target, p - orc warrior
As you read the scroll of blinking, it crumbles to dust.
Casting: Summon Blazeheart Golem (dangerous; 7% risk of failure)
Press: ? - help, Q - select action, (/) - cycle Dir - look around, f - activate A fiery spirit appears, bound in slag iron.
You feel better.
Your blazeheart golem's core grows cold and it stops moving.
Your blazeheart golem's core flares to life once more.
The orc warrior hits your blazeheart golem with a +0 dire flail.
Your blazeheart golem punches the orc warrior!!
The orc warrior dies!
You have reached level 9!
Your experience leads to an increase in your attributes!
Your base attributes are Str 8, Int 18, Dex 14.
Increase (S)trength, (I)ntelligence, or (D)exterity?
You feel clever. x2
Your inugami disappears in a puff of smoke!
The orc hits your blazeheart golem with a +0 hand axe.
Your blazeheart golem punches the orc!!
The orc dies!
The orc priest mumbles some strange prayers to Beogh against you.
Beogh smites you!
You die...

### ##.........# #
##.#####.###.###.####.#
#...<....# #......... ##
##.#####.###.###.#.### .# # #.#
##............# .###. #.#
##...###h#.#.# #####.#.# #.#
#.......#.#.# #.....h.. #.#
##).#####.#.####.####)## ##.####
#.....@9)..o.....ho..#
#.....#####.######.#.####.######
#........... #.#.# #.#
#.....###.## #.#.# #.# ####.##
#.#.# #.# #.# #.#.# #.#
###.####.# ..... ..# #........#
#.### ### #.#.###### #.#


You could see an orc priest (ally target) and a friendly blazeheart golem
(summoned).

Vanquished Creatures
  Duvessa (D:4)
  Dowan (D:4)
  A bombardier beetle (D:5)
  A hound (D:5)
  2 orc priests
  An orc wizard (D:6)
  2 adders
  4 orcs
  2 giant cockroaches
  2 hobgoblins (D:1)
  3 quokkas
20 creatures vanquished.

Vanquished Creatures (collateral kills)
  Grinder (D:5)
  Eustachio (D:4)
  An orc warrior (D:6)
  A black bear (D:6)
  An ice beast (D:6)
  A phantom (D:4)
  A scorpion (D:5)
  A bombardier beetle (D:5)
  2 hounds (D:5)
  An orc priest (D:4)
  2 jellies (D:5)
  A gnoll bouda (D:3)
  2 iguanas (D:5)
  2 sleepcaps
  Natasha (twice) (D:4)
  2 orc wizards
  2 adders
  6 gnolls
  2 dart slugs
  2 ribbon worms (D:5)
  14 orcs
  3 bats
  7 endoplasms
  2 giant cockroaches (D:1)
  6 goblins
  8 hobgoblins
  3 jackals (D:5)
  3 kobolds
  4 quokkas
  6 ball pythons
  3 frilled lizards
  7 rats
100 creatures vanquished.

Vanquished Creatures (others)
  8 ancestors
  4 blazeheart cores
12 creatures vanquished.

Grand Total: 132 creatures vanquished

Notes
Turn   | Place    | Note
-------+----------+-------------------------------------------
     0 | D:1      | BuckRogers the Human Summoner began the quest for the Orb.
     0 | D:1      | Reached XP level 1. HP: 13/13 MP: 3/3
   323 | D:1      | Reached XP level 2. HP: 19/19 MP: 1/5
   921 | D:1      | Reached XP level 3. HP: 24/24 MP: 3/6
  1718 | D:2      | Found a hazy altar of Hepliaklqana.
  1739 | D:2      | Became a worshipper of Hepliaklqana the Forgotten
  1765 | D:2      | Learned a level 3 spell: Call Canine Familiar
  2720 | D:3      | Reached XP level 4. HP: 23/30 MP: 8/8
  2872 | D:3      | Learned a level 2 spell: Call Imp
  2874 | D:3      | Learned a level 1 spell: Sting
  2931 | D:3      | Reached skill level 5 in Summonings
  3020 | D:3      | Reached XP level 5. HP: 14/35 MP: 5/9
  3580 | D:3      | You fall into a shaft and drop 2 floors!
  3580 | D:5      | Entered Level 5 of the Dungeon
  3583 | D:5      | Noticed Grinder
  3705 | D:4      | Noticed a phantom
  3765 | D:4      | Killed a phantom
  3766 | D:4      | Reached skill level 6 in Summonings
  3766 | D:4      | Reached skill level 1 in Fire Magic
  3766 | D:4      | Reached XP level 6. HP: 41/41 MP: 7/11
  3771 | D:4      | Learned a level 4 spell: Summon Blazeheart Golem
  3842 | D:4      | Reached * piety under Hepliaklqana
  3953 | D:3      | Found a transporter.
  3954 | D:3      | Noticed noone's ghost (weakling GrEE)
  3958 | D:3      | Found a transporter.
  4168 | D:4      | Noticed Eustachio
  4174 | D:4      | Noticed Dowan
  4180 | D:4      | Noticed Duvessa
  4188 | D:4      | Killed Dowan
  4232 | D:4      | Killed Duvessa
  4233 | D:4      | Reached XP level 7. HP: 41/41 MP: 7/12
  4378 | D:4      | Killed Eustachio
  4427 | D:4      | Found Jexighamn's Weapon Shoppe.
  4433 | D:4      | Got Vokios's Dissertation on Pollution
  4505 | D:4      | Reached skill level 5 in Fire Magic
  4925 | D:4      | Noticed Natasha
  4934 | D:4      | Killed Natasha
  5163 | D:4      | Noticed Natasha
  5177 | D:4      | Killed Natasha
  5228 | D:5      | Found a white marble altar of Elyvilon.
  5489 | D:5      | Reached skill level 1 in Conjurations
  5489 | D:5      | Reached XP level 8. HP: 46/46 MP: 12/14
  5742 | D:5      | Paralysed by Grinder for 2 turns
  5783 | D:5      | Killed Grinder
  5784 | D:5      | Reached skill level 5 in Spellcasting
  6265 | D:6      | Reached ** piety under Hepliaklqana
  6331 | D:6      | Reached skill level 5 in Conjurations
  6399 | D:6      | HP: 2/46 [orc warrior/+0 dire flail (17)]
  6405 | D:6      | Reached XP level 9. HP: 12/51 MP: 11/16
  6408 | D:6      | Killed from afar by an orc priest

Illustrated notes

Levels and vault maps discovered:
D:1:      onia_arrival_handbag, layout_loops_corners,
          chequers_serial_rivers_large_a, minivault_4
D:2:      layout_basic, basic_altar
D:3:      layout_loops_corners, gammafunk_ghost_smash, nicolae_grassy_gnolls
D:4:      layout_basic, serial_shops, shop, minivault_25, patterned_corridor,
          uniq_duvessa, uniq_eustachio, uniq_natasha
D:5:      layout_basic, elyvilon_altar_5, portal_sewer_entry_f,
          minmay_misc_feat_chi, uniq_grinder
D:6:      layout_loops_ring, minmay_temple_entry_offerings

Skill      XL: |  1  2  3  4  5  6  7  8 |
---------------+-------------------------+-----
Summonings     | 5 6 |  6.5
Spellcasting   | 3 4 5 |  5.0
Fire Magic     | 1 3 5 |  5.8
Conjurations   | 1 5 |  5.1
Fighting       | |  0.3
Short Blades   | |  0.9
Dodging        | |  2.3
Stealth        | |  2.3
Alchemy        | |  0.4

Action                     |  1- 3 |  4- 6 |  7- 9 || total
---------------------------+-------+-------+-------++-------
  Melee: Unarmed           |     3 |       |     6 ||     9
         Club              |     4 |       |       ||     4
         Spear             |     6 |       |       ||     6
         Dagger            |    14 |    14 |    29 ||    57
         Rapier            |       |       |    31 ||    31
         Punch             |       |       |     1 ||     1
  Throw: Stone             |     3 |       |       ||     3
         Throwing net      |       |     1 |       ||     1
   Cast: Summon Small Mamm |    43 |    11 |     3 ||    57
         Call Canine Famil |     6 |    12 |    13 ||    31
         Call Imp          |       |     8 |     7 ||    15
         Sting             |       |     2 |    12 ||    14
         Summon Blazeheart |       |     3 |     3 ||     6
 Invoke: Ancestor Identity |       |       |     1 ||     1
    Use: Scroll            |     7 |     6 |     8 ||    21
         Potion            |       |     1 |     1 ||     2
   Stab: Distracted        |       |       |     1 ||     1
 Armour: Robe              |    14 |    16 |    44 ||    74
  Dodge: Dodged            |    36 |    35 |   103 ||   174
         Form:             |       |       |     1 ||     1
         Flux              |       |       |     1 ||     1
